 Dungeon Crawl Stone Soup version 0.32-a0-818-gb728d0252e (webtiles) character file.

Game seed: 15212553604859745593

1121 Morbidden the Conjurer (level 8, 0/51 HPs)
             Began as an Octopode Conjurer on Mar 24, 2024.
             Was an Initiate of Cheibriados.
             Slain by a wyvern (13 damage)
             ... on level 7 of the Dungeon.
             The game lasted 00:04:25 (6220 turns).

Morbidden the Conjurer (Octopode Conjurer)          Turns: 6220, Time: 00:04:25

Health: 0/51       AC:  1    Str:  8    XL:     8   Next: 34%
Magic:  6/14       EV: 12    Int: 23    God:    Cheibriados [......]
Gold:   408        SH:  5    Dex: 11    Spells: 13/16 levels left

rFire   + . .        b - +2 dagger (venom)
rCold   + . .        (no shield)
rNeg    . . .        (helmet restricted)
rPois   .            u - amulet of reflection
rElec   .            k - ring of protection from fire
rCorr   .            l - ring of protection from cold
SInv    .            (no ring)
Will    .....        (no ring)
Stlth   +++          (no ring)
HPRegen 0.28/turn    (no ring)
MPRegen 0.14/turn    (no ring)
                     (no ring)

%: reflection
@: very slow
A: almost no armour, amphibious, 8 rings, camouflage 1, gelatinous body 1,
(nimble swimmer 1), tentacles
a: Renounce Religion


You were on level 7 of the Dungeon.
You worshipped Cheibriados.
Cheibriados was noncommittal.
You visited 2 branches of the dungeon, and saw 8 of its levels.

You collected 408 gold pieces.

Inventory:

Hand Weapons
 a - a +0 dagger of electrocution
 b - a +2 dagger of venom (weapon)
Jewellery
 k - a ring of protection from fire (left tentacle)
 l - a ring of protection from cold (right tentacle)
 u - an amulet of reflection (around mantle)
Talismans
 j - a maw talisman
Wands
 v - a wand of paralysis (7)
Scrolls
 f - a scroll of poison
 g - 2 scrolls of fear
 h - 3 scrolls of identify
 m - a scroll of amnesia
 p - a scroll of enchant armour
 q - a scroll of vulnerability
 t - a scroll of fog {unknown}
 w - 3 scrolls of blinking
Potions
 c - 2 potions of magic
 d - 3 potions of enlightenment {unknown}
 e - a potion of berserk rage {unknown}
 i - 8 potions of curing
 n - 2 potions of brilliance {unknown}
 o - a potion of mutation {unknown}
 r - a potion of ambrosia {unknown}
 s - 2 potions of haste


   Skills:
 * Level 2.8 Fighting
 * Level 2.4 Short Blades
 * Level 3.5 Dodging
 + Level 4.0 Stealth
 + Level 0.1 Unarmed Combat
 * Level 4.5 Spellcasting
 * Level 6.9 Conjurations
 * Level 0.1 Invocations
 * Level 2.2 Shapeshifting


You had 13 spell levels left.
You knew the following spells:

 Your Spells              Type           Power      Damage    Failure   Level
a - Magic Dart            Conj           100%       1d8       1%          1
b - Searing Ray           Conj           74%        2d7       1%          2

Your spell library contained the following spells:

 Spells                   Type           Power      Damage    Failure   Level
 Sting                    Conj/Alch      84%        1d8       2%          1
 Apportation              Tloc           10%        N/A       10%         1
 Necrotise                Necr           20%        1d5       10%         1
 Summon Small Mammal      Summ           20%        N/A       10%         1
 Fulminant Prism          Conj/Alch      10%        3d8       24%         4
 Iskenderun's Mystic Bla  Conj/Tloc      21%        2d6       24%         4


Dungeon Overview and Level Annotations

Branches:
Dungeon (7/15)             Temple (1/1) D:6

Altars:
Ashenzari
Cheibriados
Dithmenos
Elyvilon
Fedhas
Gozag
Hepliaklqana
Kikubaaqudgha
Nemelex Xobeh
Okawaru
Qazlal
Ru
Trog
Uskayaw
Vehumet
Wu Jian
Xom
Yredelemnul
Zin
The Shining One

Shops:
D:6 :

Annotations:
D:2 1 runed translucent door, Crazy Yiuf
D:5 3 runed translucent doors, ballabu's ghost, novice OpSh
D:6 2 transporters, Morbidden's ghost, novice VSCj


Innate Abilities, Weirdness & Mutations

You cannot wear most types of armour.
You are amphibious.
You can wear up to eight rings at the same time.
Your skin changes colour to match your surroundings (Stealth+).
Your rubbery body absorbs attacks. (AC +1, EV +1)
((You are camouflaged when in or above water. (Stealth+)))
You have tentacles for arms and can constrict up to eight enemies at once.


Message History

The magic dart hits the wyvern but does no damage.
The wyvern is lightly wounded.
A wyvern is nearby!
Casting: Magic Dart (safe; 1% risk of failure)
Confirm with . or Enter, or press ? or * to list all spells.
Aiming: Magic Dart (safe; 1% risk of failure)
Press: ? - help, Shift-Dir - straight line, f/p - wyvern
Aim: a wyvern (lightly wounded, 100% to hit)
The magic dart hits the wyvern.
The wyvern is lightly wounded.
Casting: Magic Dart (safe; 1% risk of failure)
Confirm with . or Enter, or press ? or * to list all spells.
Aiming: Magic Dart (safe; 1% risk of failure)
Press: ? - help, Shift-Dir - straight line, f/p - wyvern
Aim: a wyvern (lightly wounded, 100% to hit)
The magic dart hits the wyvern but does no damage.
The wyvern is lightly wounded.
The wyvern closely misses you.
Unknown command.
Casting: Magic Dart (safe; 1% risk of failure)
Confirm with . or Enter, or press ? or * to list all spells.
Aiming: Searing Ray (safe; 1% risk of failure)
Press: ? - help, Shift-Dir - straight line, f/p - wyvern
Aim: a wyvern (lightly wounded, 81% to hit)
The searing ray hits the wyvern.
The wyvern is lightly wounded. (Press . to maintain the ray.)
The wyvern bites you!! You block the wyvern's attack.
Unknown command.
The searing ray hits the wyvern.
The wyvern is moderately wounded.
The wyvern bites you!
Unknown command.
The searing ray hits the wyvern.
The wyvern is moderately wounded.
The wyvern bites you.
* * * LOW HITPOINT WARNING * * *
The wyvern bites you!
You die...
Cheibriados appreciates the motionlessness of death.

#..# #.#
#..###.#######
..####............#
........##..#####.#
..###.#.##.## #.#
..#..##.# #.#
####.#.##.# #.#
##.#....[.##.#
###.####
.......@..##.#
#.......
...#.##k####.#
#.#.#... #. #.# #.#
#.#..... # #.# #.#
#.##...# #.#
#......# #.#
####.#.# ... #.#.#
#.. #.#.# #.#.#


You could see a wyvern.

Vanquished Creatures
  A water moccasin (D:6)
  2 black bears
  A centaur (D:6)
  A kobold brigand (D:5)
  3 scorpions
  3 hounds
  2 jellies (D:6)
  An orc priest (D:4)
  3 iguanas
  A sleepcap (D:5)
  2 orc wizards
  Robin (D:3)
  4 adders
  2 white imps
  A dart slug (D:3)
  17 orcs
  10 ball pythons
  7 endoplasms
  3 giant cockroaches
  15 goblins
  8 hobgoblins
  2 jackals (D:1)
  6 quokkas
  A bat (D:1)
  4 frilled lizards
  7 kobolds
  5 rats
113 creatures vanquished.

Notes
Turn   | Place    | Note
-------+----------+-------------------------------------------
     0 | D:1      | Morbidden the Octopode Conjurer began the quest for the
                  | Orb.
     0 | D:1      | Reached XP level 1. HP: 11/11 MP: 3/3
   171 | D:1      | Found a faded altar of an unknown god.
   305 | D:1      | Reached XP level 2. HP: 17/17 MP: 1/5
   942 | D:2      | Reached XP level 3. HP: 22/22 MP: 3/6
  1237 | D:2      | Reached skill level 5 in Conjurations
  1430 | D:2      | Found a runed translucent door.
  1431 | D:2      | Noticed Crazy Yiuf
  1898 | D:3      | Reached XP level 4. HP: 27/27 MP: 5/7
  1947 | D:3      | Learned a level 2 spell: Searing Ray
  2227 | D:3      | Found a glowing golden altar of the Shining One.
  2325 | D:3      | Noticed Robin
  2343 | D:3      | Killed Robin
  2425 | D:3      | Reached skill level 1 in Fighting
  2729 | D:3      | Identified the +0 leather armour "Iffocut" {rElec Int+5}
  2827 | D:4      | Reached XP level 5. HP: 24/33 MP: 3/8
  3192 | D:4      | Found a radiant altar of Vehumet.
  3428 | D:4      | Reached skill level 1 in Shapeshifting
  3428 | D:4      | Reached XP level 6. HP: 27/38 MP: 3/10
  3597 | D:5      | Entered Level 5 of the Dungeon
  3790 | D:5      | Found a runed translucent gate.
  3791 | D:5      | Found a runed translucent gate.
  3792 | D:5      | Found a runed translucent gate.
  3795 | D:5      | Noticed ballabu's ghost (novice OpSh)
  3804 | D:5      | Reached skill level 1 in Short Blades
  3846 | D:5      | Reached skill level 6 in Conjurations
  3911 | D:5      | Noticed a black bear
  3918 | D:5      | Killed a black bear
  3919 | D:5      | Reached XP level 7. HP: 44/44 MP: 1/12
  5101 | D:6      | Found a shimmering altar of Xom.
  5121 | D:6      | Found a bloodstained altar of Trog.
  5124 | D:6      | Noticed Morbidden's ghost (novice VSCj)
  5242 | D:6      | Reached XP level 8. HP: 46/51 MP: 5/14
  5308 | D:6      | Found a transporter.
  5349 | D:6      | Found a transporter.
  5460 | D:6      | Found Leumocad's Tremendous Tomes.
  5510 | D:6      | Found a staircase to the Ecumenical Temple.
  5556 | Temple   | Entered the Ecumenical Temple
  5571 | Temple   | Became a worshipper of Cheibriados the Contemplative
  5917 | D:6      | Found a hazy altar of Hepliaklqana.
  6213 | D:7      | Noticed a wyvern
  6220 | D:7      | Slain by a wyvern

Illustrated notes

Levels and vault maps discovered:
D:1:      tarquinn_simple_flora_water_f, layout_loops_ring,
          hellmonk_ecumenical_altar_pennies_from_heaven
D:2:      layout_rooms, uniq_crazy_yiuf_cottage
D:3:      layout_basic, pf_just_have_faith, serial_corexii_hall,
          corexii_hall_statues_i, corexii_hall_statues_l, uniq_robin
D:4:      layout_basic, fiery_altar_vehumet
D:5:      layout_basic, gammafunk_ghost_nasty_kobolds
D:6:      layout_loops_cross, nzn_hepliaklqana_mist_gate,
          mainiacjoe_overflow_catwalk_spiral, minmay_temple_entry_stoned_glass,
          gammafunk_ghost_stat_death, nicolae_shop_i_like_big_books
D:7:      cheibrodos_iron_armory, layout_loops_ring, hangedman_misty_isle
Temple:   eino_wide_crystal_templ

Skill      XL: |  1  2  3  4  5  6  7  8 |
---------------+-------------------------+-----
Conjurations   | 5 6 |  6.9
Fighting       | 1 2 |  2.8
Stealth        | 3 4 |  4.0
Shapeshifting  | 1 2 |  2.2
Spellcasting   | 3 4 |  4.5
Short Blades   | 1 2 |  2.4
Dodging        | 3 |  3.5
Unarmed Combat | |  0.1
Invocations    | |  0.1

Action                     |  1- 3 |  4- 6 |  7- 9 || total
---------------------------+-------+-------+-------++-------
  Melee: Unarmed           |     9 |       |       ||     9
         Constrict         |     4 |     8 |     2 ||    14
         Tentacles         |     4 |     8 |     4 ||    16
         Dagger            |     3 |    41 |    10 ||    54
   Cast: Magic Dart        |    71 |    76 |    73 ||   220
         Searing Ray       |       |     4 |     7 ||    11
    Use: Scroll            |     6 |     3 |     1 ||    10
   Stab: Distracted        |       |     1 |       ||     1
 Armour: Skin              |    15 |    19 |    15 ||    49
  Dodge: Dodged            |     5 |    27 |    14 ||    46
  Block: Other             |       |       |     1 ||     1

Table legend: (Time is in decaauts)
 A = Elapsed time spent in this place.
 B = Non-inter-level travel time spent in this place.
 C = Inter-level travel time spent in this place.
 D = Time resting spent in this place.
 E = Time spent auto-exploring this place.
 F = Levels seen in this place.
 G = Mean time per level.
                   A        B        C        D        E       F      G
               +--------+--------+--------+--------+--------+-----+--------+
         Total |   6353 |   6086 |    267 |     61 |   5414 |   8 |  794.1 |
       Dungeon |   6316 |   6081 |    235 |     61 |   5414 |   7 |  902.3 |
        Temple |     37 |      5 |     32 |      0 |      0 |   1 |   37.0 |
               +--------+--------+--------+--------+--------+-----+--------+

Top non-repeatable levels by time:
     D:5: 1326 daAuts
     D:6: 1164 daAuts
     D:2: 958 daAuts
     D:3: 921 daAuts
     D:1: 893 daAuts
     D:4: 821 daAuts
     D:7: 231 daAuts
  Temple: 37 daAuts
